 Dungeon Crawl Stone Soup version 0.24-a0-619-gb7544fd237 (webtiles) character file.

Game seed: 16514857538712732921, levelgen mode: deterministic

220 Jorund the Digger (level 5, 0/31 HPs)
             Began as an Octopode Earth Elementalist on Sept 17, 2019.
             Was an Initiate of Vehumet.
             Succumbed to a worker ant's poison
             ... on level 4 of the Dungeon.
             The game lasted 00:05:36 (3203 turns).

Jorund the Digger (Octopode Earth Elementalist)     Turns: 3203, Time: 00:05:37

Health: 0/31       AC:  1    Str:  7    XL:     5   Next: 97%
Magic:  11/20      EV: 13    Int: 18    God:    Vehumet [......]
Gold:   118        SH:  0    Dex: 13    Spells: 6/12 levels left

rFire    . . .     SeeInvis .   h - +0 short sword
rCold    . . .     Gourm    .   (no shield)
rNeg     . . .     Faith    .   (helmet restricted)
rPois    .         Spirit   .   (no amulet)
rElec    .         Reflect  .   a - ring of magical power
rCorr    .         Harm     .   n - ring of teleportation (curse)
MR       .....     Rnd*Tele +   (no ring)
Stlth    +++.......             (no ring)
HPRegen  0.10/turn              (no ring)
MPRegen  0.17/turn              (no ring)
                                (no ring)
                                (no ring)

@: lethally poisoned (0 -> -4)
A: almost no armour, stealthy swim, amphibious, 8 rings, constrict 8, camouflage
1, gelatinous body 1
a: Renounce Religion


You were on level 4 of the Dungeon.
You worshipped Vehumet.
Vehumet was noncommittal.
You were not hungry.

You visited 1 branch of the dungeon, and saw 4 of its levels.

You collected 118 gold pieces.

Inventory:

Hand Weapons
 h - a +0 short sword (weapon)
Missiles
 b - 53 stones (quivered)
 i - 14 poisoned darts
Magical Staves
 p - an uncursed staff of wizardry
Jewellery
 a - a ring of magical power (left tentacle)
 n - a cursed ring of teleportation (right tentacle)
Wands
 d - a wand of random effects (25)
Scrolls
 e - a scroll of identify
 f - a scroll of magic mapping
Potions
 k - a potion of lignification
Comestibles
 c - 9 rations


   Skills:
 + Level 1.1 Short Blades
 - Level 2.0 Dodging
 - Level 2.6 Stealth
 + Level 4.0 Spellcasting
 + Level 1.0 Transmutations
 + Level 4.9 Earth Magic


You had 6 spell levels left.
You knew the following spells:

 Your Spells              Type           Power        Failure   Level  Hunger
a - Sandblast             Erth           ###...       1%          1    None
b - Passwall              Tmut/Erth      ##......     7%          2    ##.....
c - Stone Arrow           Conj/Erth      ##....       16%         3    ###....

Your spell library contained the following spells:

 Spells                   Type           Power        Failure   Level  Hunger
 Petrify                  Tmut/Erth      ##......     41%         4    ####...
 Lee's Rapid Deconstruct  Erth           ###.......   47%         5    ######.


Dungeon Overview and Level Annotations

Branches:
Dungeon (4/15)             Temple (0/1) D:4

Altars:
Ashenzari
Dithmenos
Makhleb
Vehumet


Innate Abilities, Weirdness & Mutations

You cannot wear most types of armour.
You are very stealthy in the water. (Stealth+)
You are amphibious.
You can wear up to eight rings at the same time.
You can use your tentacles to constrict eight enemies at once.
Your skin changes colour to match your surroundings (Stealth+).
Your rubbery body absorbs attacks. (AC +1, EV +1)


Message History

The worker ant bites you but does no damage.
The iguana barely misses you. The worker ant barely misses you.
Casting: Sandblast (safe; 1% risk of failure)
Confirm with . or Enter, or press ? or * to list all spells.
Aiming: Sandblast (safe; 1% risk of failure)
Press: ? - help, Shift-Dir - straight line, f/p - worker ant
Aim: a worker ant (heavily wounded)
The blast of sand hits the worker ant.
The worker ant is severely wounded.
b - 54 stones The iguana barely misses you.
The worker ant closely misses you.
Casting: Sandblast (safe; 1% risk of failure)
Confirm with . or Enter, or press ? or * to list all spells.
Aiming: Sandblast (safe; 1% risk of failure)
Press: ? - help, Shift-Dir - straight line, f/p - worker ant
Aim: a worker ant (severely wounded)
The blast of sand hits the worker ant.
The worker ant is severely wounded.
b - 53 stones You die...

.........$.. ...#....
.##......... #..
######. <##..........
#.#
###..........###.####
.............#......##
...#####.####........##
.......
.###..........##
...####
.......l.a...... ...#
#.....@.....# ####
##..<.......#
#..........#
##........##
##........#
#..........#
#..........#
#..........#
#..........#


You could see an iguana and a worker ant.

Vanquished Creatures
  A howler monkey (D:4)
  A centaur skeleton (D:4)
  2 iguanas (D:4)
  2 adders (D:4)
  3 worms
  2 dart slugs
  5 leopard geckos
  4 bats
  7 giant cockroaches
  5 goblins
  6 hobgoblins
  3 jackals (D:1)
  6 kobolds
  3 quokkas
  6 frilled lizards
  11 rats
67 creatures vanquished.

Notes
Turn   | Place    | Note
-------+----------+-------------------------------------------
     0 | D:1      | Jorund the Octopode Earth Elementalist began the quest for
                  | the Orb.
     0 | D:1      | Reached XP level 1. HP: 11/11 MP: 3/3
   366 | D:1      | Reached XP level 2. HP: 4/17 MP: 1/5
   984 | D:1      | Reached XP level 3. HP: 12/21 MP: 2/6
  1819 | D:2      | Found a burning altar of Makhleb.
  1822 | D:2      | Found a shattered altar of Ashenzari.
  1888 | D:2      | Found a shadowy altar of Dithmenos.
  1998 | D:3      | Learned a level 2 spell: Passwall
  2002 | D:3      | Learned a level 3 spell: Stone Arrow
  2065 | D:3      | Reached XP level 4. HP: 27/27 MP: 8/8
  2225 | D:3      | Found a radiant altar of Vehumet.
  2337 | D:3      | Became a worshipper of Vehumet
  2852 | D:4      | Reached XP level 5. HP: 13/31 MP: 8/10
  2883 | D:4      | Found a staircase to the Ecumenical Temple.
  2915 | D:4      | Reached skill level 1 in Short Blades
  3201 | D:4      | HP: 1/31 [poisoned by a worker ant]
  3203 | D:4      | Succumbed to a worker ant's poison

Levels and vault maps discovered:
D:1:      psy_arrival_conway, layout_loops_ring
D:2:      layout_basic, grunt_temple_overflow_open
D:3:      layout_loops_ring, overflow_temple_1_default, first_ration,
          serial_bayou_pond_b
D:4:      minmay_octagon_keep, layout_rooms, kennysheep_little_box,
          grunt_temple_overflow_cloverleaf, elyvilon_altar_3,
          minmay_temple_entry_grid

Skill      XL: |  1  2  3  4  5 |
---------------+----------------+-----
Earth Magic    | 4 |  4.9
Spellcasting   | 3 4 |  4.0
Short Blades   | 1 |  1.1
Dodging        | |  2.0
Stealth        | |  2.6
Transmutations | |  1.0

Action                   |  1- 3 |  4- 6 || total
-------------------------+-------+-------++-------
Melee: Unarmed           |     4 |       ||     4
       Dagger            |    55 |    19 ||    74
       Constrict         |    14 |     6 ||    20
       Tentacles         |     9 |     5 ||    14
       Short sword       |       |     4 ||     4
 Cast: Sandblast         |    34 |    50 ||    84
  Use: Scroll            |       |     8 ||     8
       Potion            |       |     2 ||     2
 Stab: Sleeping          |     3 |     4 ||     7
  Eat: Chunk             |     3 |     4 ||     7
Armor: Skin              |    13 |     3 ||    16
Dodge: Dodged            |    70 |    29 ||    99

Table legend:
 A = Non-vault XP
 B = Vault XP
 C = Vault XP percentage of total XP
 D = Non-vault monster count
 E = Vault monster count
 F = Vault count percentage of total count
                 A         B        C        D         E       F
            +---------+---------+-------+---------+---------+-------
      Total |     310 |       5 |   1.6 |      65 |       2 |   3.0
            +---------+---------+-------+---------+---------+-------
        D:1 |      39 |       0 |   0.0 |      20 |       0 |   0.0
        D:2 |      31 |       0 |   0.0 |      16 |       0 |   0.0
        D:3 |      34 |       5 |  12.8 |      19 |       2 |   9.5
        D:4 |     206 |       0 |   0.0 |      10 |       0 |   0.0
            +---------+---------+-------+---------+---------+-------
